 Dungeon Crawl Stone Soup version 0.16.2-12-gd0ad4c3 (webtiles) character file.

179 SlimeFever the Covered (level 5, 0/42 HPs)
             Began as a Human Fighter on Sept 26, 2015.
             Was an Initiate of Okawaru.
             Succumbed to an adder's poison
             ... on level 3 of the Dungeon on Sept 27, 2015.
             The game lasted 00:41:01 (2713 turns).

SlimeFever the Covered (Human Fighter)              Turns: 2713, Time: 00:41:01

Health: 0/42       AC:  3    Str: 17      XL:     5   Next: 90%
Magic:  5/5        EV:  9    Int:  5 (8)  God:    Okawaru [......]
Gold:   116        SH:  9    Dex: 13      Spells: 1 memorised, 3 levels left

rFire  . . .     SeeInvis .     k - +0 short sword (speed)
rCold  . . .     Clarity  .     C - +0 leather armour
rNeg   . . .     SustAb   .     c - +0 shield
rPois  +         Gourm    .     (no helmet)
rElec  .         Spirit   .     (no cloak)
rCorr  .         Warding  .     (no gloves)
rMut   .         Stasis   .     (no boots)
MR     +....                    (no amulet)
Stlth  +.........               h - ring of protection from magic
                                s - ring of poison resistance

@: lethally poisoned (0 -> -1), very slightly contaminated, somewhat resistant
to hostile enchantments, very unstealthy
A: no striking features
a: Renounce Religion


You were on level 3 of the Dungeon.
You worshipped Okawaru.
Okawaru was noncommittal.
You were not hungry.

You visited 1 branch of the dungeon, and saw 3 of its levels.

You collected 116 gold pieces.

Inventory:

Hand weapons
 a - a +0 long sword
 j - a +0 short sword
 k - a +0 short sword of speed (weapon)
 q - a +0 scythe
 t - a +0 spear
 v - a +0 hunting sling
 w - a +0 dagger
 x - a -2 dagger
Missiles
 f - 79 stones (quivered)
 i - 8 needles of frenzy
 l - 21 bolts
 u - 20 sling bullets
 A - 18 poisoned needles
Armour
 b - a +0 scale mail
 c - a +0 shield (worn)
 r - a +0 chain mail
 z - a +0 robe
 C - a +0 leather armour (worn)
Jewellery
 h - a ring of protection from magic (right hand)
 s - a ring of poison resistance (left hand)
Scrolls
 d - a scroll of amnesia
 g - a scroll of remove curse
 m - 2 scrolls of teleportation
 E - a scroll of enchant armour {unknown}
 F - a scroll of identify
Potions
 e - a potion of might
 n - a potion of lignification
 o - a potion of magic
Books
 p - a book of Geomancy

   Spells                             Type                      Level
   a - Sandblast                      Earth                        1
   b - Stoneskin                      Transmutation/Earth          2
   c - Passwall                       Transmutation/Earth          3
   d - Stone Arrow                    Conjuration/Earth            3
   e - Petrify                        Transmutation/Earth          4
   f - Lee's Rapid Deconstruction     Earth                        5
Comestibles
 B - a bread ration


   Skills:
 + Level 3.8 Fighting
 + Level 1.8(2.3) Short Blades
 + Level 2.2(2.6) Long Blades
 + Level 4.3 Armour
 + Level 1.4 Dodging
 + Level 3.3 Shields
 + Level 0.1 Spellcasting


You had 3 spell levels left.
You knew the following spells:

 Your Spells              Type           Power        Failure   Level  Hunger
a - Sandblast             Erth           #.....       100%        1    ##.....


Dungeon Overview and Level Annotations

Branches:
Dungeon (3/15)

Altars:
Dithmenos
Kikubaaqudgha
Okawaru
Qazlal
Ru
Yredelemnul
Zin

Annotations:
D:3 Charly's ghost, weakling HOSk; Natasha


Message History

The hobgoblin shouts!
The adder bites you.
* * * LOW HITPOINT WARNING * * *
You are lethally poisoned!
The adder poisons you!
Things that are here:
a club; an orc corpse Blink to where?
Press: ? - help, Dir - move target cursor You are very lightly contaminated with residual magic.
As you read the scroll labeled ANAUTR USUL, it crumbles to dust.
It was a scroll of blinking.
* * * LOW HITPOINT WARNING * * *
You feel sick.
It was a potion of degeneration.
There was something very wrong with that liquid.
You feel dopey.
* * * LOW HITPOINT WARNING * * *
You feel sick.
You die...

#.# ##.#......# #.# #.##
#.######......<.####.# ###.#
#####..........#.#.......###.#.#
......######...#.##.#######.#<.##
#####.# ##....##†# #.###... #.##
#....##.# ##.#.... #..# #....##.#
##.#### ##.# #.......##### #.#
#.# ##..@.....>.####.#### #.#
#..#######.##......# ##
#.#######..# #.##>#.....
.#####..........# #.#........
................# #.#..#.....
...###..........# #.#..##...#
.......#######..# #.#..##.#.#
#..##### #.S#######.#.......#
#.## #g.........#.###.###


You could see an adder.

Vanquished Creatures
  Sigmund (D:3)
  Terence (D:2)
  3 adders
  2 worms (D:3)
  A giant gecko (D:2)
  2 orcs (D:3)
  A giant cockroach (D:1)
  7 goblins
  8 hobgoblins
  2 jackals (D:3)
  7 kobolds
  A quokka (D:3)
  7 bats
  3 giant newts
  4 rats
50 creatures vanquished.

Notes
Turn   | Place    | Note
--------------------------------------------------------------
     0 | D:1      | SlimeFever, the Human Fighter, began the quest for the Orb.
     0 | D:1      | Reached XP level 1. HP: 18/18 MP: 1/1
   113 | D:1      | Reached XP level 2. HP: 21/24 MP: 2/2
   482 | D:1      | Reached XP level 3. HP: 29/29 MP: 3/3
   536 | D:2      | Noticed Terence
   573 | D:2      | Killed Terence
   693 | D:2      | Learned a level 1 spell: Sandblast
  1013 | D:2      | Reached XP level 4. HP: 35/35 MP: 2/4
  1281 | D:2      | Found an iron altar of Okawaru.
  1281 | D:2      | Found a shadowy altar of Dithmenos.
  1282 | D:2      | Found a sacrificial altar of Ru.
  1291 | D:2      | Found an ancient bone altar of Kikubaaqudgha.
  1293 | D:2      | Found a stormy altar of Qazlal.
  1295 | D:2      | Found a basalt altar of Yredelemnul.
  1314 | D:2      | Became a worshipper of Warmaster Okawaru
  2228 | D:3      | Found a glowing silver altar of Zin.
  2317 | D:3      | Noticed Sigmund
  2354 | D:3      | Reached skill level 4 in Armour
  2369 | D:3      | Reached skill level 1 in Short Blades
  2487 | D:3      | Killed Sigmund
  2487 | D:3      | Reached skill level 1 in Dodging
  2487 | D:3      | Reached XP level 5. HP: 7/42 MP: 5/5
  2608 | D:3      | Noticed Charly's ghost (weakling HOSk)
  2644 | D:3      | Noticed Natasha
  2677 | D:3      | HP: 2/42 [adder (1)]
  2705 | D:3      | HP: 2/42 [adder (4)]
  2713 | D:3      | Succumbed to an adder's poison

Action                   |  1- 3 |  4- 6 || total
-------------------------+-------+-------++-------
Melee: Long sword        |    11 |       ||    11
       Short sword       |    94 |   220 ||   314
Throw: Stone             |     4 |       ||     4
  Use: Scroll            |     5 |     4 ||     9
       Potion            |     1 |     2 ||     3
  Eat: Bread ration      |       |     1 ||     1
       Beef jerky        |       |     1 ||     1
